 Dungeon Crawl Stone Soup version 0.19-a0-1692-g68728bb (webtiles) character file.

81 Enish the Skirmisher (level 4, 0/27 HPs)
             Began as a Vine Stalker Wanderer on Sept 26, 2016.
             Succumbed to a gnoll's poison
             ... on level 3 of the Dungeon.
             The game lasted 00:03:00 (1922 turns).

Enish the Skirmisher (Vine Stalker Wanderer)        Turns: 1922, Time: 00:03:01

Health: 0/27       AC:  7    Str: 17    XL:     4   Next: 42%
Magic:  1/5        EV: 10    Int: 10    God:
Gold:   204        SH:  0    Dex: 14    Spells: 0 memorised, 3 levels left

rFire  . . .     SeeInvis .     a - +2 mace
rCold  . . .     Gourm    .     b - +0 ring mail
rNeg   . . .     Faith    .     (no shield)
rPois  .         Spirit   +     (no helmet)
rElec  .         Dismiss  .     (no cloak)
rCorr  .         Reflect  .     r - +0 pair of gloves
MR     .....     Harm     .     (no boots)
Stlth  +.........               (no amulet)
                                (no ring)
                                (no ring)

@: lethally poisoned (0 -> -7)
A: fangs 2, regeneration 1, magic shield, antimagic bite, no device heal 3, rot
immunity
a: no special abilities


You were on level 3 of the Dungeon.
You were not hungry.

You visited 1 branch of the dungeon, and saw 3 of its levels.

You collected 204 gold pieces.

Inventory:

Hand Weapons
 a - a +2 mace (weapon)
Missiles
 w - 2 javelins (quivered)
Armour
 b - a +0 ring mail (worn)
 r - a +0 pair of gloves (worn)
Jewellery
 k - an uncursed ring of positive energy {unknown}
 q - an uncursed amulet of harm {unknown}
Wands
 m - a wand of lightning (6/15)
 v - a wand of digging (8/24)
Scrolls
 c - 3 scrolls of teleportation
 h - 2 scrolls of enchant armour {unknown}
 i - a scroll of blinking {unknown}
 l - 3 scrolls of identify {unknown}
 o - a scroll of fear {unknown}
 s - a scroll of remove curse {unknown}
 x - a scroll of random uselessness {unknown}
Potions
 n - a potion of flight {unknown}
 p - 2 potions of curing {unknown}
 t - 2 potions of lignification {unknown}
 u - a potion of ambrosia {unknown}
Comestibles
 d - 4 bread rations
 f - 5 fruits
 g - 2 meat rations


   Skills:
 - Level 5.4 Fighting
   Level 1.0(2.5) Axes
 * Level 3.7(3.8) Maces & Flails
 - Level 1.2 Stealth
   Level 1.0 Shields


You had 3 spell levels left.
You didn't know any spells.

Dungeon Overview and Level Annotations

Branches:
Dungeon (3/15)

Altars:


Innate Abilities, Weirdness & Mutations

You have extremely sharp teeth.
Your natural rate of healing is unusually fast.
When hurt, damage is shared between your health and your magic reserves.
Your bite disrupts and absorbs the magic of your enemies.
Potions and wands cannot restore your health.
You are immune to rotting.


Message History

You feel sick. The gnoll barely misses you.
You hit the gnoll. You bite the gnoll. You drain its power.
You feel invigorated.
The gnoll is almost dead.
You feel sick.
You hit the gnoll.
The gnoll is moderately wounded.
You feel sick. The gnoll barely misses you. The gnoll hits you with a club!
You closely miss the gnoll. You bite the gnoll, but do no damage.
The gnoll is moderately wounded.
The gnoll hits you from afar with a halberd of venom.
* * * LOW HITPOINT WARNING * * *
You are lethally poisoned!
The gnoll hits you with a club.
* * * LOW HITPOINT WARNING * * *
* * * LOW HITPOINT WARNING * * *
You feel sick.
Unknown command.
It was a potion of cancellation.
You feel magically purged.
You die...

... #..... .(.
#.##.# ... #.##..
#g# #.#### #g#
######.#### #g#
#.......... #.#
#.....##### #g#
#.....# #. #@####
#.....# #[
#.##.###.)...# #.
###.....####.### #.
#........###.# #.
#.#..........# #.
#######
#.#......###########
......####
#.#......##......# #
.#.......#
#.#.......#.####.# #
.#.##)##.#
#............###.###


You could see 4 gnolls.

Vanquished Creatures
  An adder (D:2)
  A dart slug (D:2)
  3 leopard geckos
  A ball python (D:2)
  8 bats
  2 giant cockroaches (D:1)
  7 goblins
  6 hobgoblins
  10 jackals (D:2)
  5 frilled lizards
  7 kobolds
  9 rats
60 creatures vanquished.

Notes
Turn   | Place    | Note
-------+----------+-------------------------------------------
     0 | D:1      | Enish the Vine Stalker Wanderer began the quest for the Orb.
     0 | D:1      | Enish set off with: a +2 mace, a +0 ring mail, a scroll of teleportation, a bread ration
     0 | D:1      | Reached XP level 1. HP: 14/14 MP: 2/2
   153 | D:1      | Reached XP level 2. HP: 15/18 MP: 3/3
   668 | D:2      | Reached XP level 3. HP: 19/23 MP: 4/4
  1283 | D:2      | Gained mutation: Your natural rate of healing is unusually fast. [Vine Stalker growth]
  1283 | D:2      | Reached XP level 4. HP: 25/27 MP: 5/5
  1922 | D:3      | Succumbed to a gnoll's poison

Vault maps used:
D:1:      dpeg_arrival_orchard, minmay_crystal_water,
          hangedman_decor_peaks_small, kennysheep_boxes
D:3:      first_bread

Skill      XL: |  1  2  3 |
---------------+----------+-----
Maces & Flails | 2 3 |  3.7
Fighting       | |  5.4
Axes           | |  1.0
Stealth        | |  1.2
Shields        | |  1.0

Action                   |  1- 3 |  4- 6 || total
-------------------------+-------+-------++-------
Melee: Mace              |    98 |    41 ||   139
       Bite              |    18 |    12 ||    30
Throw: Javelin           |       |     3 ||     3
  Use: Potion            |       |     1 ||     1
 Stab: Sleeping          |       |     1 ||     1
  Eat: Chunk             |     1 |     1 ||     2
       Beef jerky        |       |     1 ||     1
Armor: Ring mail         |    58 |    21 ||    79
Dodge: Dodged            |    70 |    27 ||    97
